 Dungeon Crawl Stone Soup version 0.18-a0-1354-gbc5753f (webtiles) character file.

367 Qzlrk the Cudgeler (level 6, -8/62 HPs)
             Began as an Ogre Chaos Knight on Feb 19, 2016.
             Mangled by an ogre
             ... wielding a +0 giant club
              (17 damage)
             ... on level 4 of the Dungeon.
             The game lasted 00:17:49 (3725 turns).

Qzlrk the Cudgeler (Ogre Chaos Knight)              Turns: 3725, Time: 00:17:49

Health: -8/62      AC:  6    Str: 17 (19) XL:     6   Next: 69%
Magic:  10/10      EV:  9    Int: 10 (12) God:    Xom [..*...]
Gold:   194        SH:  0    Dex:  6 (9)  Spells: 1 memorised, 9 levels left

rFire  . . .     SeeInvis +     a - +0 mace (chaos)
rCold  . . .     Gourm    .     b - +2 robe
rNeg   . . .     Faith    .     (no shield)
rPois  .         Spirit   .     (helmet restricted)
rElec  .         Dismiss  .     F - +0 cloak
rCorr  .         Reflect  .     (gloves unavailable)
SustAt .         Harm     .     (boots unavailable)
MR     .....     Clarity  +     (no amulet)
Stlth  +......... Rnd*Tele +    (no ring)
                                s - ring of see invisible

@: drained, not resistant to hostile enchantments, very unstealthy
A: unfitting armour, clarity, regeneration 1, teleportitis 1, tough skin 1
a: Renounce Religion


You were on level 4 of the Dungeon.
You worshipped Xom.
You were a toy of Xom.
You were hungry.

You visited 1 branch of the dungeon, and saw 4 of its levels.

You collected 194 gold pieces.

Inventory:

Hand Weapons
 a - a +0 mace of chaos (weapon)
 C - a +0 giant spiked club
Missiles
 d - 14 sling bullets
 e - 67 stones
 m - 5 tomahawks (quivered)
Armour
 b - a +2 robe (worn)
 F - a +0 cloak (worn)
Jewellery
 g - an uncursed ring of positive energy {unknown}
 i - an uncursed ring of protection from fire {unknown}
 s - a ring of see invisible (left hand)
 E - a +2 ring of evasion {unknown}
Scrolls
 f - a scroll of noise {unknown}
 k - a scroll of teleportation
 n - 3 scrolls of identify {unknown}
 p - 2 scrolls of remove curse {unknown}
 u - a scroll of blinking {unknown}
 y - a scroll of fear {unknown}
 B - a scroll of amnesia {unknown}
Potions
 r - a potion of agility {unknown}
 v - a potion of haste {unknown}
 x - a potion of heal wounds
 z - 2 potions of brilliance {unknown}
 A - 2 potions of curing {unknown}
Books
 w - a book of Minor Magic

   Spells                             Type                      Level
   a - Magic Dart                     Conjuration                  1
   b - Blink                          Translocation                2
   c - Call Imp                       Summoning                    2
   d - Repel Missiles                 Charms/Air                   2
   e - Slow                           Hexes                        2
   f - Conjure Flame                  Conjuration/Fire             3
   g - Mephitic Cloud                 Conjuration/Poison/Air       3
Comestibles
 c - a bread ration
 q - 2 beef jerkies
 t - 2 meat rations


   Skills:
 - Level 4.0(3.6) Fighting
 + Level 7.2(6.8) Maces & Flails
 - Level 3.0(2.6) Throwing
 - Level 2.1(1.8) Dodging
 * Level 2.7(2.4) Spellcasting
 + Level 1.2(0.9) Conjurations


You had 9 spell levels left.
You knew the following spells:

 Your Spells              Type           Power        Failure   Level  Hunger
a - Magic Dart            Conj           #...         21%         1    ##.....


Dungeon Overview and Level Annotations

Branches:
Dungeon (4/15)
 Temple: D:4-7

Altars:
Ashenzari
Pakellas
Ru
Sif Muna
Trog

Annotations:
D:3 exclusion: moth of wrath
D:4 Grinder


Innate Abilities, Weirdness & Mutations

You are too large for most types of armour.
You have tough skin (AC +1).
You possess an exceptional clarity of mind.
Your natural rate of healing is unusually fast.
You are occasionally teleported next to monsters.


Message History

You hit the ogre but do no damage.
The ogre is poisoned.
The ogre barely misses you.
You completely miss the ogre. You barely miss the ogre.
The ogre is lightly wounded.
The ogre hits you with a giant club!
You hit the ogre. You drain the ogre!
The ogre is heavily wounded.
The ogre hits you with a giant club!
You hit the ogre. You freeze the ogre.
The ogre is severely wounded.
The ogre hits you with a giant club.
You barely miss the ogre.
The ogre is severely wounded.
The ogre hits you with a giant club!!
* * * LOW HITPOINT WARNING * * *
You barely miss the ogre.
The ogre is almost dead.
The ogre hits you with a giant club!
You die...

#.....#...# #...#....#...#..#...
#.....#...# #...#....#...#..#...
#.....#...# #...#....#..#####...
#.....#..#########....#..########
..>..##..#............#....'.....
.....#...'............#....#.....
.....#...#............'....#.....
.....#####..>.........#..######..
#.......########@#....#..## ##..
#.......#.......O#....#...# #...
#.......#...<....'....#...# #...
#.......#..#######....#...# #...
###.....# #..........#...# #...
..#.....#, #..........##'######.#
..#.....# #................###.#
..#.....# #................#....
..#.....# #................#....


You could see an ogre.

Vanquished Creatures
  An ogre (D:4)
  A centaur zombie (D:3)
  Crazy Yiuf (D:4)
  An orc wizard (D:3)
  2 worker ants (D:4)
  A gnoll (D:1)
  3 adders
  A giant eyeball (D:3)
  2 oozes
  4 worms
  A giant gecko (D:2)
  6 orcs
  2 ball pythons
  3 giant cockroaches
  A goblin (shapeshifter) (D:1)
  5 goblins
  5 hobgoblins
  9 jackals
  3 quokkas
  12 bats
  7 giant newts
  8 kobolds
  14 rats
93 creatures vanquished.

Vanquished Creatures (others)
  An orc (D:3)
1 creature vanquished.

Grand Total: 94 creatures vanquished

Notes
Turn   | Place    | Note
--------------------------------------------------------------
     0 | D:1      | Qzlrk the Ogre Chaos Knight began the quest for the Orb.
     0 | D:1      | Reached XP level 1. HP: 24/24 MP: 1/1
    35 | D:1      | Reached XP level 2. HP: 16/32 MP: 2/2
   113 | D:1      | Reached skill level 5 in Maces & Flails
   243 | D:1      | XOM: divination: detect items
   346 | D:1      | Reached XP level 3. HP: 37/39 MP: 3/3
   619 | D:2      | Reached skill level 1 in Throwing
   737 | D:2      | Reached skill level 6 in Maces & Flails
   737 | D:2      | Reached XP level 4. HP: 48/48 MP: 4/4
   911 | D:2      | Found a shattered altar of Ashenzari.
   970 | D:2      | XOM: divination: detect items
  1148 | D:2      | XOM: divination: magic mapping
  1454 | D:2      | Reached XP level 5. HP: 29/54 MP: 5/5
  1744 | D:3      | XOM: confuse monster(s)
  1833 | D:3      | XOM: vitrification
  1883 | D:3      | Learned a level 1 spell: Magic Dart
  2103 | D:3      | Noticed a moth of wrath
  2106 | D:3      | Found a bloodstained altar of Trog.
  2133 | D:3      | XOM: polymorph worm -> giant eyeball
  2138 | D:3      | XOM: summons 5 friendly demons
  2144 | D:3      | XOM: cast spell 'Necromutation'
  2178 | D:3      | XOM: polymorph crimson imp -> quasit
  2193 | D:3      | XOM: potion effect (heal wounds)
  2401 | D:3      | You fall through a shaft!
  2482 | D:4      | XOM: enchant monster (good)
  2490 | D:4      | Reached skill level 1 in Spellcasting
  2490 | D:4      | XOM: harmless Divn miscast
  2492 | D:4      | Reached XP level 6. HP: 27/62 MP: 5/8
  2524 | D:4      | XOM: harmless Trmt miscast
  2686 | D:4      | XOM: divination: magic mapping
  2769 | D:4      | Found a sacrificial altar of Ru.
  2769 | D:4      | Found a deep blue altar of Sif Muna.
  2829 | D:4      | Found an oddly glowing altar of Pakellas.
  2829 | D:4      | XOM: 10-stop teleportation journey
  2903 | D:4      | XOM: noise
  3238 | D:4      | Reached skill level 7 in Maces & Flails
  3238 | D:4      | Reached skill level 1 in Conjurations
  3454 | D:4      | Noticed Crazy Yiuf
  3466 | D:4      | Killed Crazy Yiuf
  3466 | D:4      | XOM: smoke on damage
  3502 | D:4      | XOM: give mutations
  3502 | D:4      | Gained mutation: You are clumsy. (Dex -2) [Xom's mischief]
  3502 | D:4      | Gained mutation: Scrolls take you a little longer to read. [Xom's mischief]
  3502 | D:4      | Gained mutation: You are occasionally teleported next to monsters. [Xom's mischief]
  3502 | D:4      | Lost mutation: Scrolls take you a little longer to read. [Xom's mischief]
  3568 | D:4      | Noticed Grinder
  3573 | D:4      | XOM: enchant monster (good)
  3576 | D:4      | Gained mutation: You possess an exceptional clarity of mind. [potion of mutation]
  3576 | D:4      | Lost mutation: You are clumsy. (Dex -2) [potion of mutation]
  3576 | D:4      | Gained mutation: Your natural rate of healing is unusually fast. [potion of mutation]
  3725 | D:4      | Mangled by an ogre

Vault maps used:
D:1:      saegor_arrival_simple_f
D:2:      ashenzari_altar_1
D:3:      tgw_trog
D:4:      nicolae_overflow_crystal_walls, gammafunk_temple_overflow_wave,
          uniq_crazy_yiuf_cottage, uniq_grinder

Action                   |  1- 3 |  4- 6 || total
-------------------------+-------+-------++-------
Melee: Mace              |   122 |   181 ||   303
       Giant spiked club |       |     2 ||     2
Throw: Stone             |    14 |     4 ||    18
       Tomahawk          |    11 |    12 ||    23
 Cast: Magic Dart        |       |    10 ||    10
  Use: Potion            |       |     5 ||     5
       Scroll            |       |     2 ||     2
 Stab: Sleeping          |     1 |     1 ||     2
       Petrified         |       |     3 ||     3
  Eat: Chunk             |       |     7 ||     7
       Beef jerky        |       |     1 ||     1
